 Dungeon Crawl Stone Soup version 0.22-a0-825-ga28c36f (webtiles) character file.

193 Amnesiac the Digger (level 5, -2/35 HPs)
             Began as a Mummy Earth Elementalist on July 24, 2018.
             Slain by an adder (4 damage)
             ... on level 6 of the Dungeon.
             The game lasted 00:03:10 (1837 turns).

Amnesiac the Digger (Mummy Earth Elementalist)      Turns: 1837, Time: 00:03:11

Health: -2/35      AC:  2    Str: 11    XL:     5   Next: 43%
Magic:  2/11       EV: 12    Int: 15    God:
Gold:   109        SH:  0    Dex: 13    Spells: 1/12 levels left

rFire    x . .     SeeInvis .   b - +0 mace
rCold    + . .     Gourm    .   (no shield)
rNeg     + + +     Faith    .   c - +0 robe
rPois    ∞         Spirit   .   (no helmet)
rElec    .         Reflect  .   (no cloak)
rCorr    .         Harm     .   (no gloves)
MR       .....                  (no boots)
Stlth    ++........             (no amulet)
HPRegen  0.11/turn              (no ring)
MPRegen  0.12/turn              (no ring)

@: about to teleport, very slightly contaminated
A: no food or potions, fire vulnerability, cold resistance 1, negative energy
resistance 3, torment resistance, unbreathing
a: no special abilities


You were on level 6 of the Dungeon.
You were not hungry.

You visited 2 branches of the dungeon, and saw 7 of its levels.

You collected 109 gold pieces.

Inventory:

Hand Weapons
 b - a +0 mace (weapon)
 f - a +0 war axe
Missiles
 a - 20 sling bullets
Armour
 c - a +0 robe (worn)


   Skills:
 - Level 1.5 Dodging
 - Level 1.5 Stealth
 + Level 4.4 Spellcasting
 - Level 0.7 Transmutations
 * Level 4.4 Earth Magic


You had one spell level left.
You knew the following spells:

 Your Spells              Type           Power        Failure   Level  Hunger
a - Stone Arrow           Conj/Erth      ##....       21%         3    N/A
b - Passwall              Tmut/Erth      ##......     9%          2    N/A
c - Sandblast             Erth           ###...       2%          1    N/A
d - Lee's Rapid Deconstr  Erth           ###.......   58%         5    N/A

Your spell library contained the following spells:

 Spells                   Type           Power        Failure   Level  Hunger
 Petrify                  Tmut/Erth      ##......     52%         4    N/A

Dungeon Overview and Level Annotations

Branches:
Dungeon (6/15)             Temple (1/1) D:5

Altars:
Cheibriados
Elyvilon
Fedhas
Gozag
Makhleb
Nemelex Xobeh
Okawaru
Qazlal
Ru
Trog
Wu Jian
Yredelemnul
Zin


Innate Abilities, Weirdness & Mutations

You do not eat or drink.
Your flesh is vulnerable to fire.
You are immune to poison.
Your flesh is cold resistant. (rC+)
You are immune to negative energy. (rN+++)
You are immune to unholy pain and torment.
You can survive without breathing.


Message History

Casting: Stone Arrow (safe; 21% risk of failure)
Confirm with . or Enter, or press ? or * to list all spells.
You don't have enough magic to cast that spell.
Casting: Stone Arrow (safe; 21% risk of failure)
Confirm with . or Enter, or press ? or * to list all spells.
You don't have enough magic to cast that spell.
There are monsters nearby!
You closely miss the orc. The orc hits you with a whip.
* * * LOW HITPOINT WARNING * * *
The orc hits you but does no damage. The orc hits you with a whip.
* * * LOW HITPOINT WARNING * * *
Casting: Stone Arrow (safe; 21% risk of failure)
Confirm with . or Enter, or press ? or * to list all spells.
You don't have enough magic to cast that spell.
There are monsters nearby!
You completely miss the orc. The orc closely misses you. x2
You hit the orc.
The orc is moderately wounded.
The orc closely misses you. The orc misses you.
An adder comes into view.
Casting: Stone Arrow (safe; 21% risk of failure)
Confirm with . or Enter, or press ? or * to list all spells.
You don't have enough magic to cast that spell.
The adder hisses angrily.
You hit the orc.
The orc is severely wounded.
The orc barely misses you. The orc completely misses you.
The orc barely misses you.
You sock the orc!
You kill the orc!
The orc completely misses you.
Casting: Stone Arrow (safe; 21% risk of failure)
Confirm with . or Enter, or press ? or * to list all spells.
You don't have enough magic to cast that spell.
There are monsters nearby!
You closely miss the orc.
The orc is severely wounded.
The orc completely misses you. The orc hits you but does no damage.
The adder bites you but does no damage. The orc barely misses you.
Things that are here:
an enchanted mace; an orc corpse
Casting: Stone Arrow (safe; 21% risk of failure)
Confirm with . or Enter, or press ? or * to list all spells.
You don't have enough magic to cast that spell.
There are monsters nearby!
You hit the orc.
The orc is severely wounded.
The adder bites you but does no damage. The orc hits you with a whip.
* * * LOW HITPOINT WARNING * * *
The adder misses you. The orc barely misses you.
Things that are here:
a whip; a ring mail; an orc corpse
Casting: Stone Arrow (safe; 21% risk of failure)
Confirm with . or Enter, or press ? or * to list all spells.
You don't have enough magic to cast that spell.
The orc hits you with a whip.
* * * LOW HITPOINT WARNING * * *
Really read
d - a scroll of teleportation {!r}?
As you read the scroll of teleportation {!r}, it crumbles to dust.
You feel strangely unstable. The adder bites you.
* * * LOW HITPOINT WARNING * * *
The adder bites you.
You die...

### #.. ##.# ..#
#.# #@# ##S#
#######.o#
........)##
###...)...#
.###.##.<..# ####
....)......# #...
.....##..#.#####
#.##
#######..........
#.#


You could see an adder and an orc.

Vanquished Creatures
  An ice beast (D:5)
  A howler monkey (D:4)
  4 adders
  A worm (D:2)
  A dart slug (D:4)
  2 leopard geckos
  4 orcs
  4 giant cockroaches
  A goblin (D:2)
  3 hobgoblins
  A ball python (D:2)
  2 bats
  A frilled lizard (D:1)
  2 kobolds
  2 rats
30 creatures vanquished.

Notes
Turn   | Place    | Note
-------+----------+-------------------------------------------
     0 | D:1      | Amnesiac the Mummy Earth Elementalist began the quest for the Orb.
     0 | D:1      | Reached XP level 1. HP: 13/13 MP: 4/4
   321 | D:2      | Reached XP level 2. HP: 17/19 MP: 2/5
   524 | D:2      | Found a sacrificial altar of Ru.
   530 | D:2      | Learned a level 2 spell: Passwall
   677 | D:2      | Reached XP level 3. HP: 24/24 MP: 2/7
   682 | D:2      | Learned a level 3 spell: Stone Arrow
   743 | D:3      | Found a snail-covered altar of Cheibriados.
   815 | D:4      | Noticed a scorpion
   824 | D:4      | Noticed a phantom
  1022 | D:4      | Found a white marble altar of Elyvilon.
  1321 | D:4      | Reached XP level 4. HP: 27/30 MP: 0/9
  1430 | D:5      | Entered Level 5 of the Dungeon
  1430 | D:5      | Noticed an ice beast
  1432 | D:5      | Killed an ice beast
  1432 | D:5      | Reached XP level 5. HP: 35/35 MP: 3/11
  1439 | D:5      | Learned a level 5 spell: Lee's Rapid Deconstruction
  1513 | D:6      | Noticed a centaur
  1736 | D:5      | Found a staircase to the Ecumenical Temple.
  1741 | Temple   | Entered the Ecumenical Temple
  1837 | D:6      | Slain by an adder

Vault maps used:
D:1:      dpeg_arrival_tiny_a
D:2:      nicolae_ru_awakened_eye, kennysheep_generic_room_15, uniq_terence
D:3:      lemuel_doored_altar, first_ration
D:4:      nicolae_tso_carved_into_rock, lemuel_coloured_pillars_altar,
          serial_shops, shop, minmay_misc_feat_square, grunt_qazlal_sundering,
          uniq_sigmund
D:5:      minmay_temple_entry_from_below_a, uniq_prince_ribbit1
Temple:   zaba_magenta_temple

Skill      XL: |  1  2  3  4 |
---------------+-------------+-----
Spellcasting   | 3 4 |  4.4
Earth Magic    | 3 4 |  4.4
Dodging        | |  1.5
Stealth        | |  1.5
Transmutations | |  0.7

Action                   |  1- 3 |  4- 6 || total
-------------------------+-------+-------++-------
Melee: Unarmed           |    57 |       ||    57
       Mace              |    11 |    14 ||    25
 Cast: Sandblast         |    30 |       ||    30
       Stone Arrow       |     5 |     9 ||    14
       Passwall          |     1 |       ||     1
  Use: Scroll            |       |     5 ||     5
 Stab: Sleeping          |     1 |       ||     1
Armor: Robe              |    20 |     4 ||    24
Dodge: Dodged            |    67 |    24 ||    91

Table legend:
 A = Spawn XP
 B = Non-spawn XP
 C = Spawn XP percentage of total XP
 D = Spawn monster count
 E = Non-spawn monster count
 F = Spawn count percentage of total count
 G = Total turns spent on level
                    A         B        C        D         E        F      G
               +---------+---------+-------+---------+---------+-------+---------
         Total |       0 |     276 |   0.0 |       0 |      30 |   0.0 |  1837
               +---------+---------+-------+---------+---------+-------+---------
           D:1 |       0 |      10 |   0.0 |       0 |       7 |   0.0 |   301
           D:2 |       0 |      43 |   0.0 |       0 |       9 |   0.0 |   404
           D:3 |       0 |       4 |   0.0 |       0 |       3 |   0.0 |   253
           D:4 |       0 |      83 |   0.0 |       0 |       5 |   0.0 |   472
           D:5 |       0 |     122 |   0.0 |       0 |       1 |   0.0 |    85
           D:6 |       0 |      12 |   0.0 |       0 |       4 |   0.0 |   257
        Temple |       0 |       2 |   0.0 |       0 |       1 |   0.0 |    65
               +---------+---------+-------+---------+---------+-------+---------
